 Dungeon Crawl Stone Soup version 0.22-a0-455-ga0624bf (webtiles) character file.

555 KristoblXynda the Slasher (level 7, -4/60 HPs)
             Began as a Naga Gladiator on June 5, 2018.
             Slain by a worker ant (6 damage)
             ... on level 5 of the Dungeon.
             The game lasted 00:09:35 (3893 turns).

KristoblXynda the Slasher (Naga Gladiator)          Turns: 3893, Time: 00:09:36

Health: -4/60      AC:  9    Str: 16    XL:     7   Next: 30%
Magic:  7/7        EV: 10    Int: 15    God:
Gold:   242        SH:  0    Dex: 13    Spells: 6/6 levels left

rFire    + . .     SeeInvis +   a - +1 long sword
rCold    . . .     Gourm    .   (no shield)
rNeg     . . .     Faith    .   u - +0 ring mail
rPois    +         Spirit   .   c - +0 helmet
rElec    .         Reflect  .   (no cloak)
rCorr    .         Harm     .   k - +2 pair of gloves
MR       .....                  (no barding)
Stlth    ++........             (no amulet)
HPRegen  0.20/turn              l - +5 ring of intelligence
MPRegen  0.10/turn              o - ring of protection from fire

@: very slow
A: large, see invisible, deformed body, poison resistance, slowness 2, slow
metabolism 1, spit poison 1, AC +2
a: Spit Poison


You were on level 5 of the Dungeon.
You were not hungry.

You visited 1 branch of the dungeon, and saw 5 of its levels.

You collected 242 gold pieces.

Inventory:

Hand Weapons
 a - a +1 long sword (weapon)
Missiles
 d - a throwing net (quivered)
Armour
 c - a +0 helmet (worn)
 k - a +2 pair of gloves (worn)
 u - a +0 ring mail (worn)
Jewellery
 b - an uncursed ring of see invisible
 l - a +5 ring of intelligence (left hand)
 n - an uncursed ring of positive energy
 o - a ring of protection from fire (right hand)
Scrolls
 p - a scroll of enchant weapon
 r - 4 scrolls of remove curse
 t - a scroll of blinking
 v - a scroll of teleportation
Potions
 g - a potion of ambrosia
 i - a potion of flight
 j - a potion of invisibility
 m - 3 potions of brilliance
Comestibles
 f - 9 rations


   Skills:
 - Level 2.0 Fighting
 * Level 5.8 Long Blades
 - Level 2.0 Throwing
 + Level 2.4 Armour
 + Level 3.9 Dodging
 + Level 3.4 Stealth


You had 6 spell levels left.
You didn't know any spells.
Your spell library contained the following spells:

 Spells                   Type           Power        Failure   Level  Hunger
 Confuse                  Hex            #.......     83%         3    ####...
 Confusing Touch          Hex            #.....       45%         1    ##.....
 Metabolic Englaciation   Hex/Ice        #.........   100%        5    ######.
 Petrify                  Tmut/Erth      #.......     99%         4    #####..
 Gell's Gravitas          Tloc           #.........   83%         3    ####...
 Yara's Violent Unravell  Hex/Tmut       #.........   100%        5    ######.


Dungeon Overview and Level Annotations

Branches:
Dungeon (5/15)
 Temple: D:4-7

Altars:

Shops:
D:4 =


Innate Abilities, Weirdness & Mutations

You cannot wear boots.
Your serpentine skin is tough. (AC +2)
You have supernaturally acute eyesight. (SInv)
Armour fits poorly on your strangely shaped body.
Your system is resistant to poisons. (rPois)
You cover ground very slowly.
You have a slow metabolism.
You can spit poison.


Message History

You feel slightly more hungry. The worker ant bites you.
* * * LOW HITPOINT WARNING * * *
You hit the worker ant.
The worker ant is moderately wounded.
The worker ant bites you but does no damage.
Unknown command.
Throwing (i - inventory)
d - 3 throwing nets (quivered)
Press: ? - help, Shift-Dir - straight line, f/p - worker ant
Aim: a worker ant (moderately wounded)
You throw a throwing net.
The throwing net closely misses the worker ant.
You have got your breath back.
The worker ant bites you but does no damage.
Throwing (i - inventory)
d - 2 throwing nets (quivered)
Press: ? - help, Shift-Dir - straight line, f/p - worker ant
Aim: a worker ant (moderately wounded)
You throw a throwing net.
The throwing net barely misses the worker ant.
The worker ant bites you.
You die...

### .. .. .# .# #
#############.#..#
#...........@a..(#
#.###########.......
#.# ..#.#.# #.# ..#
# #.# ..# #.# >.#
#.# ..# #.# ..# #.#


You could see a worker ant.

Vanquished Creatures
  An ice beast (D:5)
  A centaur (D:5)
  A big kobold (D:5)
  A howler monkey (D:5)
  A crimson imp (D:2)
  The ghost of TheNamelessOne the Gusty, a weakling TeAE (D:3)
  2 hounds (D:4)
  4 adders
  2 oozes (D:1)
  A worm (D:2)
  6 dart slugs
  2 leopard geckos
  9 orcs
  2 giant cockroaches (D:1)
  7 goblins
  8 hobgoblins
  5 jackals (D:2)
  2 quokkas (D:3)
  7 bats
  7 frilled lizards
  10 kobolds
  8 rats
88 creatures vanquished.

Notes
Turn   | Place    | Note
-------+----------+-------------------------------------------
     0 | D:1      | KristoblXynda the Naga Gladiator began the quest for the Orb.
     0 | D:1      | Reached XP level 1. HP: 19/19 MP: 1/1
    99 | D:1      | Reached XP level 2. HP: 20/26 MP: 2/2
   705 | D:1      | Reached XP level 3. HP: 27/32 MP: 3/3
  1244 | D:2      | Reached skill level 4 in Long Blades
  1244 | D:2      | Reached skill level 1 in Armour
  1244 | D:2      | Reached XP level 4. HP: 35/39 MP: 4/4
  1790 | D:2      | Reached XP level 5. HP: 31/45 MP: 5/5
  2577 | D:3      | Noticed TheNamelessOne's ghost (weakling TeAE)
  2586 | D:3      | Killed TheNamelessOne's ghost
  2943 | D:4      | Reached skill level 1 in Stealth
  3116 | D:4      | Reached skill level 5 in Long Blades
  3116 | D:4      | Reached XP level 6. HP: 41/52 MP: 6/6
  3161 | D:4      | Found Yhewniv's Jewellery Boutique.
  3614 | D:5      | Entered Level 5 of the Dungeon
  3699 | D:5      | Noticed an ice beast
  3709 | D:5      | Killed an ice beast
  3709 | D:5      | Reached XP level 7. HP: 29/60 MP: 7/7
  3888 | D:5      | HP: 1/60 [worker ant (4)]
  3893 | D:5      | Slain by a worker ant

Vault maps used:
D:1:      dpeg_arrival_prison
D:2:      first_ration
D:3:      nrook_mini_backslash
D:4:      serial_shops, nicolae_shop_stone, kennysheep_generic_room_14
D:5:      gup_sewer_entry_spiral, small_statue_intersection,
          roderic_serpentine_path, uniq_pikel

Skill      XL: |  1  2  3  4  5  6  7 |
---------------+----------------------+-----
Throwing       | 2 |  2.0
Long Blades    | 4 5 |  5.8
Armour         | 1 2 |  2.4
Dodging        | 3 |  3.9
Stealth        | 1 2 3 |  3.4
Fighting       | |  2.0

Action                   |  1- 3 |  4- 6 |  7- 9 || total
-------------------------+-------+-------+-------++-------
Melee: Long sword        |    83 |   213 |    27 ||   323
Throw: Throwing net      |       |       |     2 ||     2
 Abil: Spit Poison       |     2 |     4 |     1 ||     7
  Use: Scroll            |       |    12 |       ||    12
       Potion            |       |     1 |     1 ||     2
 Stab: Sleeping          |     2 |     1 |       ||     3
  Eat: Chunk             |       |     6 |       ||     6
       Ration            |       |     1 |       ||     1
Armor: Leather armour    |    22 |    55 |       ||    77
       Ring mail         |       |    73 |    16 ||    89
Dodge: Dodged            |    41 |   145 |     9 ||   195
       Rpst.: Long sword |    15 |    50 |     5 ||    70

Table legend:
 A = Spawn XP
 B = Non-spawn XP
 C = Spawn XP percentage of total XP
 D = Spawn monster count
 E = Non-spawn monster count
 F = Spawn count percentage of total count
 G = Total turns spent on level
                    A         B        C        D         E        F      G
               +---------+---------+-------+---------+---------+-------+---------
         Total |       0 |     793 |   0.0 |       0 |      88 |   0.0 |  3893
               +---------+---------+-------+---------+---------+-------+---------
           D:1 |       0 |      60 |   0.0 |       0 |      27 |   0.0 |  1121
           D:2 |       0 |     126 |   0.0 |       0 |      29 |   0.0 |  1023
           D:3 |       0 |      73 |   0.0 |       0 |      15 |   0.0 |   722
           D:4 |       0 |     117 |   0.0 |       0 |       5 |   0.0 |   748
           D:5 |       0 |     417 |   0.0 |       0 |      12 |   0.0 |   279
               +---------+---------+-------+---------+---------+-------+---------
